 Dungeon Crawl Stone Soup version 0.25-a0-163-g00f8f0cddd (webtiles) character file.

Game seed: 280058724918500923, levelgen mode: deterministic

5152 RedPan the Timeless (level 10, -2/78 HPs)
             Began as a Red Draconian Ice Elementalist on Nov 22, 2019.
             Was a High Priest of Cheibriados.
             Slain by a vampire (13 damage)
             ... on level 10 of the Dungeon.
             The game lasted 00:23:10 (8537 turns).

RedPan the Timeless (DrIE)                          Turns: 8537, Time: 00:23:11

Health: -2/78      AC: 10    Str: 26 (29) XL:     10   Next: 33%
Magic:  4/20       EV: 17    Int: 28 (30) God:    Cheibriados [*****.]
Gold:   484        SH:  4    Dex: 22 (23) Spells: 10/23 levels left

rFire    + + .     SeeInvis .   c - +0 trident
rCold    + . .     Gourm    .   (no shield)
rNeg     . . .     Faith    .   (armour unavailable)
rPois    +         Spirit   .   t - +1 hat
rElec    +         Reflect  +   n - +1 cloak
rCorr    +         Harm     .   (no gloves)
MR       .....                  (no boots)
Stlth    ++........             q - +4 amulet of reflection
HPRegen  0.23/turn              i - +2 ring of evasion
MPRegen  0.17/turn              u - +1 ring of slaying

@: mighty, resistant, flying, very slow
A: breathe fire, unfitting armour, fire resistance 1, cold-blooded, AC +7
a: Breathe Fire, Bend Time, Temporal Distortion, Slouch, Step From Time,
Renounce Religion


You were on level 10 of the Dungeon.
You worshipped Cheibriados.
Cheibriados was extremely pleased with you.
You were not hungry.

You visited 1 branch of the dungeon, and saw 10 of its levels.
You also visited: Sewer.

You collected 484 gold pieces.

Inventory:

Hand Weapons
 c - a +0 trident (weapon)
Armour
 n - a +1 cloak (worn)
 t - a +1 hat (worn)
Jewellery
 i - a +2 ring of evasion (left hand)
 q - a +4 amulet of reflection (around neck)
 u - a +1 ring of slaying (right hand)
 x - an uncursed ring of stealth
 y - an uncursed ring of magical power {unknown}
Wands
 o - a wand of flame (9)
Scrolls
 h - 3 scrolls of fear
 p - a scroll of identify
 r - 2 scrolls of teleportation
 s - 3 scrolls of remove curse
Potions
 d - 3 potions of invisibility
 e - 2 potions of curing
 f - 2 potions of lignification
 g - a potion of haste
 j - 2 potions of mutation
 v - a potion of agility {unknown}
 w - a potion of flight
 z - 3 potions of heal wounds
Comestibles
 a - a chunk of flesh
 b - 22 rations


   Skills:
 - Level 4.0 Fighting
 + Level 3.8 Dodging
 - Level 2.0 Stealth
 + Level 7.2 Spellcasting
 + Level 4.7 Conjurations
 - Level 5.0 Summonings
 + Level 5.4 Fire Magic
 - Level 5.0 Ice Magic
 + Level 7.5 Invocations


You had 10 spell levels left.
You knew the following spells:

 Your Spells              Type           Power        Failure   Level  Hunger
a - Freeze                Ice            ####         1%          1    None
b - Ozocubu's Armour      Chrm/Ice       ###.....     6%          3    None
c - Summon Ice Beast      Ice/Summ       #####...     7%          4    ##.....
d - Fireball              Conj/Fire      #####.....   19%         5    ####...

Your spell library contained the following spells:

 Spells                   Type           Power        Failure   Level  Hunger
 Flame Tongue             Conj/Fire      #####        1%          1    None
 Throw Flame              Conj/Fire      #####.       1%          2    None
 Throw Frost              Conj/Ice       #####.       1%          2    None
 Conjure Flame            Conj/Fire      #####...     1%          3    None
 Confusing Touch          Hex            ##....       5%          1    None
 Inner Flame              Hex/Fire       ####....     5%          3    None
 Sticky Flame             Conj/Fire      #####...     7%          4    ##.....
 Throw Icicle             Conj/Ice       #####...     7%          4    ##.....
 Confuse                  Hex            ##......     16%         3    None
 Gell's Gravitas          Tloc           ##........   16%         3    None
 Petrify                  Tmut/Erth      ##......     47%         4    ##.....
 Metabolic Englaciation   Hex/Ice        ###.......   47%         5    ####...
 Yara's Violent Unravell  Hex/Tmut       ##........   83%         5    ####...


Dungeon Overview and Level Annotations

Branches:
Dungeon (10/15)            Temple (0/1) D:5            Lair (0/6) D:10
  Sewer (visited)
    Orc: D:9-12

Altars:
Cheibriados
Dithmenos
Fedhas
Gozag
Nemelex Xobeh
Sif Muna
Trog
Wu Jian
Xom

Shops:
D:5 }


Innate Abilities, Weirdness & Mutations

You can breathe blasts of fire.
Your fiery red scales are hard. (AC +7)
You cannot fit into any form of body armour.
Your flesh is heat resistant. (rF+)
You are cold-blooded and may be slowed by cold attacks.


Message History

There was something very wrong with that liquid.
You feel weakened.
You feel dopey.
You feel clumsy. Something hits you but does no damage.
Something barely misses you.
It was a potion of resistance.
You feel protected. Something barely misses you. x2
Okay, then.
It was a potion of might.
You feel very mighty all of a sudden. Something hits you. Something bites you.
Something draws strength from your injuries!
You barely miss something. You tail-slap something.
You hear some strange, mumbled words.
Something tries to affect you, but you resist.
You barely miss something. Something hits you but does no damage.
Something bites you!
* * * LOW HITPOINT WARNING * * *
Something draws strength from your injuries!
Something hits you but does no damage. Something bites you!
You die...

#########
#...<...#
###.......#
.........#
#!......#
#.......#
#...@...#
#..{Y.....#
#.......###
#.......#
##.######
#. ##


You could see a friendly ice beast.

Vanquished Creatures
  Sigmund (D:3)
  4 yaks (D:9)
  2 wyverns
  2 ice beasts
  A black bear (D:9)
  An orc warrior (D:9)
  2 ogres
  A necrophage (D:9)
  2 centaurs
  A phantom (D:8)
  2 bullfrogs
  8 killer bees (D:9)
  A wight (D:9)
  A bullfrog zombie (D:5)
  2 centaur zombies
  A quasit (D:9)
  5 crimson imps
  5 hounds
  Crazy Yiuf (D:2)
  2 bullfrog skeletons
  An orc priest (D:7)
  2 orc wizards (D:7)
  Ijyb (D:4)
  2 worker ants
  A hound skeleton (D:5)
  A worker ant zombie (D:9)
  2 gnolls
  9 adders
  An ooze (D:1)
  A worm (D:2)
  3 dart slugs
  7 leopard geckos
  19 orcs
  5 giant cockroaches
  8 goblins
  10 hobgoblins
  16 jackals
  2 quokkas
  2 ball pythons
  9 bats
  4 frilled lizards
  A jackal skeleton (D:4)
  3 kobolds
  A leopard gecko skeleton (D:8)
  A quokka skeleton (D:6)
  A quokka zombie (D:5)
  6 rats
164 creatures vanquished.

Vanquished Creatures (collateral kills)
  A queen bee (D:9)
  A hornet (D:9)
  Grinder (D:6)
  Prince Ribbit (D:8)
  2 hippogriffs
  A spriggan (D:7)
  2 yaks (D:9)
  A hungry ghost (D:8)
  A black bear (D:9)
  A sky beast (D:6)
  An orc warrior (D:9)
  An ice beast (D:9)
  A phantom (D:8)
  An ogre (D:6)
  A necrophage (D:5)
  A crocodile (Sewer)
  Blork the orc (D:6)
  7 killer bees
  A centaur zombie (D:6)
  A jelly (D:9)
  6 orc priests
  3 orc wizards
  An iguana (D:7)
  2 gnolls (D:10)
  An adder (D:5)
  A shadow imp (D:8)
  An adder skeleton (D:9)
  30 orcs
  6 jackals
  2 quokkas
  A jackal skeleton (D:4)
82 creatures vanquished.

Grand Total: 246 creatures vanquished

Notes
Turn   | Place    | Note
-------+----------+-------------------------------------------
     0 | D:1      | RedPan the Draconian Ice Elementalist began the quest for
                  | the Orb.
     0 | D:1      | Reached XP level 1. HP: 14/14 MP: 3/3
   280 | D:1      | Reached XP level 2. HP: 20/20 MP: 5/5
   966 | D:2      | Found an opulent altar of Gozag.
  1032 | D:2      | Reached XP level 3. HP: 26/26 MP: 4/6
  1173 | D:2      | Found a runed translucent door.
  1174 | D:2      | Noticed Crazy Yiuf
  1482 | D:2      | Found a shadowy altar of Dithmenos.
  1888 | D:2      | Learned a level 3 spell: Ozocubu's Armour
  1894 | D:2      | Killed Crazy Yiuf
  1894 | D:2      | Reached XP level 4. HP: 3/33 MP: 1/8
  1958 | D:2      | Learned a level 4 spell: Summon Ice Beast
  2212 | D:3      | Found a shimmering altar of Xom.
  2346 | D:3      | Found a snail-covered altar of Cheibriados.
  2644 | D:3      | Became a worshipper of Cheibriados the Contemplative
  3016 | D:3      | Reached skill level 1 in Summonings
  3016 | D:3      | Reached XP level 5. HP: 37/38 MP: 7/10
  3021 | D:3      | Noticed Sigmund
  3030 | D:3      | Killed Sigmund
  3030 | D:3      | Reached skill level 1 in Invocations
  3030 | D:3      | Reached XP level 6. HP: 32/45 MP: 3/11
  3207 | D:3      | Found an ornate altar of the Wu Jian Council.
  3305 | D:4      | Reached * piety under Cheibriados
  3796 | D:4      | Reached skill level 5 in Ice Magic
  3846 | D:5      | Entered Level 5 of the Dungeon
  3846 | D:5      | Noticed Ijyb
  3855 | D:4      | Killed Ijyb
  3891 | D:5      | Reached ** piety under Cheibriados
  3894 | D:5      | Found a staircase to the Ecumenical Temple.
  3988 | D:5      | Found a glowing drain.
  3995 | D:5      | Your scales start taking on a fiery red colour.
  3995 | D:5      | Reached XP level 7. HP: 50/50 MP: 13/13
  3995 | D:5      | Gained mutation: Your flesh is heat resistant. (rF+) [Red
                  | Draconian growth]
  4020 | Sewer    | Entered a sewer
  4316 | D:5      | Found Hunisy's Gadget Boutique.
  4713 | D:6      | Reached *** piety under Cheibriados
  4841 | D:6      | Reached skill level 5 in Spellcasting
  4841 | D:6      | Reached XP level 8. HP: 37/57 MP: 10/15
  4904 | D:6      | Noticed Blork the orc
  4918 | D:6      | Killed Blork the orc
  4930 | D:6      | Found a shimmering blue altar of Sif Muna.
  5066 | D:6      | Reached skill level 5 in Ice Magic
  5074 | D:6      | Noticed Grinder
  5098 | D:6      | Killed Grinder
  5583 | D:7      | Learned a level 5 spell: Fireball
  5598 | D:7      | Reached skill level 1 in Fighting
  5599 | D:7      | Reached **** piety under Cheibriados
  5755 | D:7      | Reached skill level 5 in Invocations
  5778 | D:7      | Reached skill level 5 in Summonings
  5843 | D:7      | Found a blossoming altar of Fedhas.
  5893 | D:7      | Reached skill level 1 in Fire Magic
  6194 | D:8      | Reached XP level 9. HP: 63/68 MP: 11/17
  6331 | D:8      | Reached ***** piety under Cheibriados
  6515 | D:8      | Found a bloodstained altar of Trog.
  6566 | D:8      | Found a sparkling altar of Nemelex Xobeh.
  6691 | D:8      | Noticed Prince Ribbit
  6703 | D:8      | Killed Prince Ribbit
  7684 | D:9      | Reached XP level 10. HP: 51/78 MP: 3/20
  8093 | D:9      | Reached skill level 5 in Fire Magic
  8442 | D:10     | Entered Level 10 of the Dungeon
  8442 | D:10     | Found a staircase to the Lair.
  8537 | D:10     | Slain by a vampire

Levels and vault maps discovered:
D:1:      wheals_arrival_shading, layout_loops_corners
D:2:      layout_loops_ring, marbit_many_paths, kennysheep_nub, minivault_4,
          grunt_gozag_statues, uniq_crazy_yiuf_cottage
D:3:      layout_basic, overflow_temple_1_default, cheibriados_altar_1,
          lemuel_crystal_altar, first_ration, minmay_ruptured, uniq_sigmund
D:4:      layout_rooms
D:5:      layout_basic, minmay_temple_entry_statues, portal_sewer_entry_f,
          serial_shops, shop_fountains, minmay_tree_intersection,
          grunt_decor_resistance, corexii_checkpoint_a, uniq_ijyb
D:6:      layout_rooms, tgw_sif, uniq_grinder
D:7:      layout_loops_ring, kennysheep_mini, the_bakery
D:8:      layout_cave_pods, kennysheep_mini_moat, nemelex_spade_bored_becter,
          uniq_prince_ribbit1
D:9:      layout_roguey, special_room [special_room_bee]
D:10:     layout_roguey, david_lair_shrubbed

Skill      XL: |  1  2  3  4  5  6  7  8  9 10 |
---------------+-------------------------------+-----
Dodging        | 2 3 |  3.8
Stealth        | 2 |  2.0
Spellcasting   | 3 4 5 6 7 |  7.2
Ice Magic      | 4 4 5 |  5.0
Summonings     | 1 2 3 5 |  5.0
Invocations    | 1 2 4 5 7 |  7.5
Fighting       | 2 4 |  4.0
Fire Magic     | 1 4 5 |  5.4
Conjurations   | 4 |  4.7

Action                   |  1- 3 |  4- 6 |  7- 9 | 10-12 || total
-------------------------+-------+-------+-------+-------++-------
Melee: Dagger            |    32 |    66 |       |       ||    98
       Tailslap          |     1 |    14 |    46 |    17 ||    78
       Quarterstaff      |       |    34 |       |       ||    34
       Trident           |       |    45 |   276 |    72 ||   393
 Cast: Freeze            |    40 |    55 |    47 |    22 ||   164
       Summon Ice Beast  |       |     2 |    48 |    11 ||    61
Invok: Slouch            |       |       |     1 |     1 ||     2
 Abil: Breathe Fire      |       |       |       |     1 ||     1
  Use: Scroll            |     5 |     8 |     5 |       ||    18
       Potion            |       |     2 |       |     5 ||     7
 Stab: Sleeping          |     9 |     7 |    10 |       ||    26
       Distracted        |       |     1 |     4 |     1 ||     6
  Eat: Chunk             |     3 |     7 |    11 |     2 ||    23
Armor: Skin              |    13 |    67 |    99 |    39 ||   218
Dodge: Dodged            |    42 |   155 |   223 |   123 ||   543
Block: Other             |       |    31 |    45 |    26 ||   102
       Reflection        |       |       |     1 |       ||     1

Table legend:
 A = Non-vault XP
 B = Vault XP
 C = Vault XP percentage of total XP
 D = Non-vault monster count
 E = Vault monster count
 F = Vault count percentage of total count
                 A         B        C        D         E       F
            +---------+---------+-------+---------+---------+-------
      Total |    5553 |    1807 |  24.6 |     209 |      37 |  15.0
            +---------+---------+-------+---------+---------+-------
        D:1 |      37 |       0 |   0.0 |      17 |       0 |   0.0
        D:2 |      23 |      55 |  70.5 |      12 |       2 |  14.3
        D:3 |      84 |     237 |  73.8 |      23 |       5 |  17.9
        D:4 |     191 |      36 |  15.9 |      27 |       1 |   3.6
        D:5 |     354 |      17 |   4.6 |      12 |       7 |  36.8
        D:6 |     537 |     220 |  29.1 |      19 |       2 |   9.5
        D:7 |     826 |     108 |  11.6 |      26 |       1 |   3.7
        D:8 |     703 |     172 |  19.7 |      20 |       1 |   4.8
        D:9 |    2769 |     900 |  24.5 |      50 |      12 |  19.4
       D:10 |      29 |       0 |   0.0 |       3 |       0 |   0.0
      Sewer |       0 |      62 | 100.0 |       0 |       6 | 100.0
            +---------+---------+-------+---------+---------+-------
